cohdb
Replays
Latest Replays
All Replays
Popular Replays
Top Player Replays
Match Explorer
How It Works
Community
CoH3 Stats
Reddit
Sign in to upload your games and track your stats! →
Sign in with Steam
Match 44163856
Unlisted
Match 44163856
Overview
Messages
Build Orders
End
Royal Engineer Section
Construct Section Command Post
Infantry Section
Infantry Section
Infantry Section
Construct Field Infirmary
Construct Platoon Command Post
Selects Indian Artillery Battlegroup
Selects War Cry
Humber Armored Car
Selects Gurkha Rifles Section
Gurkha Rifles Section
Infantry Training
Unlock Bishop Self-propelled Artillery
Bishop Self-propelled Artillery
Selects Volunteer Infantry
Selects Artillery Saturation
Bishop Self-propelled Artillery
Light Vehicle Training
Construct Company Command Post
Legionary
DanceFKRdance
0
0
Comments
sign in to comment!
No comments posted yet!